 Dungeon Crawl Stone Soup version 0.16.0-5-g717f7e7 (console) character file.

261 gw the Insei (level 5, -3/41 HPs)
             Began as a Demonspawn Monk on Mar 15, 2015.
             Was a Priest of Yredelemnul.
             Succumbed to Duvessa's poison
             ... on level 4 of the Dungeon.
             The game lasted 00:04:37 (4318 turns).

gw the Insei (Demonspawn Monk)                      Turns: 4318, Time: 00:04:37

Health: -3/41      AC: 14    Str: 12    XL:     5   Next: 96%
Magic:  1/6        EV:  3    Int: 11    God:    Yredelemnul [***...]
Gold:   169        SH:  2    Dex: 16    Spells: 0 memorised, 4 levels left

rFire  . . .     SeeInvis .       - Unarmed
rCold  . . .     Clarity  .     g - +0 plate armour
rNeg   . . .     SustAb   .     (no shield)
rPois  .         Gourm    .     (no helmet)
rElec  .         Spirit   .     (no cloak)
rCorr  .         Warding  .     (no gloves)
rMut   .         Stasis   .     f - +0 pair of boots
MR     .....                    (no amulet)
Stlth  ..........               (no ring)
                                (no ring)

@: lethally poisoned (-3 -> -45), injury mirror, not resistant to hostile
enchantments, extremely unstealthy
A: talons 1, large bone plates 1, nightstalker 1
a: Animate Dead, Recall Undead Slaves, Injury Mirror, Renounce Religion


You were on level 4 of the Dungeon.
You worshipped Yredelemnul.
Yredelemnul was most pleased with you.
You were very hungry.

You visited 1 branch of the dungeon, and saw 4 of its levels.

You collected 169 gold pieces.

Inventory:

Missiles
 e - 35 stones (quivered)
 i - 3 needles of sleeping
 l - 8 poisoned needles
Armour
 f - a +0 pair of boots (worn)
 g - a +0 plate armour (worn)
Scrolls
 d - 5 scrolls of identify
 h - a scroll of immolation {unknown}
Comestibles
 b - 4 bread rations
 c - 3 meat rations


   Skills:
 + Level 3.5 Fighting
 + Level 2.1 Throwing
 + Level 2.2 Armour
 - Level 2.6 Dodging
 - Level 1.7 Stealth
 * Level 5.0 Unarmed Combat
 + Level 2.1 Invocations


You had 4 spell levels left.
You didn't know any spells.

Dungeon Overview and Level Annotations

Branches:
Dungeon (4/15)
 Temple: D:4-7

Altars:
Gozag
Yredelemnul
The Shining One

Annotations:
D:4 Dowan


Innate Abilities, Weirdness & Mutations

You have sharp toenails.
You are partially covered in large bone plates (AC +2, SH +2).
You are slightly more attuned to the shadows.


Message History

Unknown command.
Unknown command.
Unknown command.
ATTACK MOVE TO (-1,0)
You punch Duvessa!
You kill Duvessa!
Yredelemnul accepts your kill.
Dowan seems overcome with grief, but rights himself reflexively soon after.
Dowan seems to find hidden reserves of power!
Your Throwing skill increases to level 2!
Your Unarmed Combat skill increases to level 5!
Your Invocations skill increases to level 2!
You feel very sick.
Unknown command.
Unknown command.
Unknown command.
Unknown command.
ATTACK MOVE TO (-1,0)
You die...
Your body rises from the dead as a mindless zombie.

#.# #.## #..#
##.# #.# # #.#
#. #####.##
.(#.#.#########
#.......
..(((e(6%.....#
#.###.##
..#.#########.#
#.# #.#
##.###.###.#
#...#...##.##
#.......)....
#...#...#####
##########.##
.......<...#
##########.#


You could see Dowan.

Table legend:
 A = Turns spent in this place as a percentage of turns spent in the entire game.
 B = Non-inter-level travel turns spent in this place as a percentage of non-inter-level travel turns spent in the entire game.
 C = Inter-level travel turns spent in this place as a percentage of turns spent in this place.
 D = Turns resting spent in this place as a percentage of non-inter-level travel turns spent in this place.
 E = Turns spent auto-exploring this place as a percentage of non-inter-level travel turns spent in this place.
 F = Non-inter-level travel turns spent in this place divided by the number of levels of this place that you've seen.
                   A       B       C       D       E      F
               +-------+-------+-------+-------+-------+----------------------
         Total | 100.0 | 100.0 |   0.4 |   0.9 |   2.4 | 1601.5
       Dungeon | 100.0 | 100.0 |   0.4 |   0.9 |   2.4 | 1601.5
               +-------+-------+-------+-------+-------+----------------------

Table legend:
 A = Kills in this place as a percentage of kills in entire the game.
 B = Kills by you in this place as a percentage of kills by you in the entire game.
 C = Kills by friends in this place as a percentage of kills by friends in the entire game.
 D = Other kills in this place as a percentage of other kills in the entire game.
 E = Experience gained in this place as a percentage of experience gained in the entire game.
 F = Experience gained in this place divided by the number of levels of this place that you have seen.
                   A       B       C       D       E      F
               +-------+-------+-------+-------+-------+----------------------
         Total | 100.0 | 100.0 | 100.0 |  -nan | 100.0 |  93.5
       Dungeon | 100.0 | 100.0 | 100.0 |  -nan | 100.0 |  93.5
               +-------+-------+-------+-------+-------+----------------------

Vanquished Creatures
  Duvessa (D:4)
  A worker ant (D:4)
  Terence (D:2)
  7 adders
  6 giant geckos
  2 oozes
  4 orcs (D:3)
  A ball python (D:3)
  A giant cockroach (D:1)
  12 hobgoblins
  3 jackals (D:4)
  11 kobolds
  A ball python skeleton (D:4)
  10 bats
  3 giant newts
  6 goblins
  10 rats
80 creatures vanquished.

Vanquished Creatures (collateral kills)
  2 orcs (D:3)
  A ball python (D:2)
  A kobold (D:3)
  A giant newt (D:3)
  A goblin (D:3)
  2 rats
8 creatures vanquished.

Vanquished Creatures (others)
  An adder zombie (D:2)
  A bat zombie (D:3)
  A ball python zombie (D:3)
  A giant gecko skeleton (D:2)
  A goblin skeleton (D:2)
  A goblin zombie (D:3)
  3 kobold zombies
  An orc skeleton (D:3)
  A rat zombie (D:2)
11 creatures vanquished.

Grand Total: 99 creatures vanquished

Notes
Turn   | Place    | Note
--------------------------------------------------------------
     0 | D:1      | gw, the Demonspawn Monk, began the quest for the Orb.
     0 | D:1      | Reached XP level 1. HP: 18/18 MP: 1/1
   168 | D:1      | Gained mutation: You are partially covered in large bone plates (AC +2, SH +2). [demonic ancestry]
   168 | D:1      | Reached XP level 2. HP: 24/24 MP: 2/2
   499 | D:1      | Reached skill level 1 in Throwing
   633 | D:1      | Reached skill level 4 in Unarmed Combat
   869 | D:1      | Gained mutation: You have sharp toenails. [demonic ancestry]
   869 | D:1      | Reached XP level 3. HP: 29/29 MP: 3/3
   910 | D:2      | Reached skill level 1 in Armour
  1161 | D:2      | Found a basalt altar of Yredelemnul.
  1261 | D:2      | Became a worshipper of Yredelemnul the Dark
  1261 | D:2      | Acquired Yredelemnul's first power
  1261 | D:2      | Acquired Yredelemnul's second power
  1678 | D:2      | Noticed Terence
  1700 | D:2      | Killed Terence
  1876 | D:2      | Gained mutation: You are slightly more attuned to the shadows. [demonic ancestry]
  1876 | D:2      | Reached XP level 4. HP: 35/35 MP: 4/4
  2056 | D:3      | Found an opulent altar of Gozag.
  2775 | D:3      | Reached skill level 1 in Invocations
  2956 | D:3      | Found a glowing golden altar of the Shining One.
  3293 | D:3      | Acquired Yredelemnul's third power
  3293 | D:3      | Reached XP level 5. HP: 35/41 MP: 2/5
  4182 | D:4      | Noticed Dowan
  4183 | D:4      | Noticed Duvessa
  4317 | D:4      | Killed Duvessa
  4317 | D:4      | Reached skill level 5 in Unarmed Combat
  4317 | D:4      | HP: 1/41 [poisoned by Duvessa]
  4318 | D:4      | Succumbed to Duvessa's poison

Action                   |  1- 3 |  4- 6 || total
-------------------------+-------+-------++-------
Melee: Unarmed           |    85 |   136 ||   221
Throw: Stone             |   102 |    83 ||   185
Invok: Animate Remains   |     5 |    11 ||    16
       Recall Undead Sla |       |     6 ||     6
       Animate Dead      |       |     3 ||     3
       Injury Mirror     |       |     1 ||     1
  Use: Scroll            |     1 |     5 ||     6
       Potion            |       |     3 ||     3
  Eat: Chunk             |     4 |     8 ||    12

Vault maps used:
D:1:      lemuel_arrival_funnel
D:2:      lemuel_coloured_pillars_altar, minmay_statues_item, uniq_terence
D:3:      lemuel_round_altar, nicolae_gozag_cash_rules_everything_around_me
D:4:      lemuel_round_altar, minmay_temple_entry_large_hall,
          gup_sewer_entry_spiral, grunt_decor_arrowhead, uniq_duvessa,
          uniq_prince_ribbit1
